AA
TULSA DRILLERS @ WICHITA AEROS
08/08/1982
 
TOP OF THE 1ST
Tulsa Drillers batting - Pitching for Wichita Aeros : RHP Jeff Heathcock
Pitching: RHP Jeff Heathcock
Batting: SHB Paul Householder 0-0: Ground out U3 (Groundball, 13, EV 91.3 MPH)
Batting: RHB Victor Rios 0-0: Called Strike
0-1: Ball
1-1: Foul Ball, location: 2F
1-2: Ground out 4-3 (Groundball, 4, EV 85.0 MPH)
Batting: LHB Mike Pagliarulo 0-0: Ball
1-0: Ball
2-0: DOUBLE (Line Drive, 78XD, EV 101.9 MPH)
Batting: LHB Randy Braun 0-0: Ball
1-0: Foul Ball, location: 2F
1-1: Ball
2-1: Fly out, F7 (Flyball, 7LM, EV 91.9 MPH)
Top of the 1st over - 0 runs, 1 hit, 0 errors, 1 left on base; Tulsa 0 - Wichita 0
BOTTOM OF THE 1ST
Wichita Aeros batting - Pitching for Tulsa Drillers : RHP Luis Garcia
Pitching: RHP Luis Garcia
Batting: LHB Omar Guerrero 0-0: Foul Ball, location: 2F
0-1: Ground out 5-3 (Groundball, 5, EV 108.8 MPH)
Batting: RHB Dave Hoenstine 0-0: Ball
1-0: Ground out 6-3 (Groundball, 6MD, EV 100.0 MPH)
Batting: LHB Michael Barnes 0-0: Ball
1-0: Ball
2-0: Ball
3-0: Called Strike
3-1: Base on Balls
Batting: RHB Bill Schroeder 0-0: Ball
1-0: Called Strike
1-1: Foul Ball, location: 2F
1-2: Foul Ball, location: 2F
1-2: Fielders Choice at 2nd, 6-4 (Groundball, 6, EV 85.6 MPH)
Bottom of the 1st over - 0 runs, 0 hits, 0 errors, 1 left on base; Tulsa 0 - Wichita 0
TOP OF THE 2ND
Tulsa Drillers batting - Pitching for Wichita Aeros : RHP Jeff Heathcock
Batting: SHB Luis Quinones 0-0: Ball
1-0: Swinging Strike
1-1: Fly out, F7 (Flyball, 7, EV 75.0 MPH)
Batting: RHB Bob Grandas 0-0: Called Strike
0-1: Swinging Strike
0-2: Ball
1-2: Ground out 5-3 (Groundball, 25, EV 93.1 MPH)
Batting: RHB Bob E Johnson 0-0: Swinging Strike
0-1: Swinging Strike
0-2: Strikes out swinging
Top of the 2nd over - 0 runs, 0 hits, 0 errors, 0 left on base; Tulsa 0 - Wichita 0
BOTTOM OF THE 2ND
Wichita Aeros batting - Pitching for Tulsa Drillers : RHP Luis Garcia
Batting: RHB Jesse Barfield 0-0: Called Strike
0-1: Foul Ball, location: 2F
0-2: Strikes out looking
Batting: LHB Glenn Gulliver 0-0: Swinging Strike
0-1: Foul Ball, location: 2F
0-2: Ball
1-2: Ball
2-2: Foul Ball, location: 2F
2-2: Ball
3-2: Ground out 4-3 (Groundball, 4, EV 89.4 MPH)
Batting: LHB Angel Matos 0-0: Foul Ball, location: 2F
0-1: Ball
1-1: Ball
2-1: Foul Ball, location: 2F
2-2: Foul Ball, location: 2F
2-2: Foul Ball, location: 2F
2-2: Foul Ball, location: 2F
2-2: Ball
3-2: DOUBLE (Flyball, 78D, EV 95.0 MPH)
Batting: LHB Jesus Ramos 0-0: Ball
1-0: Ball
2-0: Ball
3-0: Base on Balls
Batting: RHB Gary House 0-0: Ball
1-0: Foul Ball, location: 2F
1-1: Hit by Pitch
Angel Matos to third
Jesus Ramos to second
Batting: LHB Omar Guerrero 0-0: Swinging Strike
0-1: Ball
1-1: Foul Ball, location: 2F
1-2: Fly out, F8 (Flyball, 78M, EV 89.4 MPH)
Bottom of the 2nd over - 0 runs, 1 hit, 0 errors, 3 left on base; Tulsa 0 - Wichita 0
TOP OF THE 3RD
Tulsa Drillers batting - Pitching for Wichita Aeros : RHP Jeff Heathcock
Batting: RHB Nick Belmonte 0-0: DOUBLE (Line Drive, 7LD, EV 106.9 MPH)
Batting: RHB Kevin Coon 0-0: Called Strike
0-1: Ball
1-1: Ball
2-1: Swinging Strike
2-2: Ball
3-2: Base on Balls
Batting: SHB Paul Householder 0-0: Ball
1-0: Foul Ball, location: 2F
1-1: Ball
2-1: 3-RUN HOME RUN (Flyball, 9D, EV 103.8 MPH), Distance : 384 ft
Batting: RHB Victor Rios 0-0: Ball
1-0: Called Strike
1-1: Called Strike
1-2: Ball
2-2: Ball
3-2: Foul Ball, location: 2F
3-2: Foul Ball, location: 2F
3-2: SINGLE (Groundball, 34D, EV 94.4 MPH)
Batting: LHB Mike Pagliarulo 0-0: Called Strike
0-1: Ball
1-1: Foul Ball, location: 2F
1-2: Ball
2-2: Strikes out swinging
Batting: LHB Randy Braun 0-0: Ball
1-0: Foul Ball, location: 2F
1-1: Ball
2-1: Fielders Choice at 2nd, 6-4 (Groundball, 6, EV 84.4 MPH)
Batting: SHB Luis Quinones 0-0: Called Strike
0-1: Ground out U3 (Groundball, 34, EV 93.8 MPH)
Top of the 3rd over - 3 runs, 3 hits, 0 errors, 1 left on base; Tulsa 3 - Wichita 0
BOTTOM OF THE 3RD
Wichita Aeros batting - Pitching for Tulsa Drillers : RHP Luis Garcia
Batting: RHB Dave Hoenstine 0-0: Fly out, F4 (Flyball, 34D, EV 83.8 MPH)
Batting: LHB Michael Barnes 0-0: Ball
1-0: Ball
2-0: Ball
3-0: Called Strike
3-1: Base on Balls
Batting: RHB Bill Schroeder 0-0: Ball
1-0: Called Strike
1-1: Ball
2-1: Foul Ball, location: 2F
2-2: Hit by Pitch
Michael Barnes to second
Batting: RHB Jesse Barfield 0-0: Ball
1-0: Fly out, F6 (Flyball, 56D, EV 93.8 MPH)
Batting: LHB Glenn Gulliver 0-0: Ball
1-0: Ball
2-0: Ball
3-0: Called Strike
3-1: Base on Balls
Michael Barnes to third
Bill Schroeder to second
Batting: LHB Angel Matos 0-0: Ball
1-0: Fly out, F8 (Flyball, 8RM, EV 77.5 MPH)
Bottom of the 3rd over - 0 runs, 0 hits, 0 errors, 3 left on base; Tulsa 3 - Wichita 0
TOP OF THE 4TH
Tulsa Drillers batting - Pitching for Wichita Aeros : RHP Jeff Heathcock
Batting: RHB Bob Grandas 0-0: Fly out, F8 (Flyball, 89S, EV 88.1 MPH)
Batting: RHB Bob E Johnson 0-0: Swinging Strike
0-1: Ball
1-1: Swinging Strike
1-2: Foul Ball, location: 2F
1-2: Strikes out swinging
Batting: RHB Nick Belmonte 0-0: Called Strike
0-1: Ball
1-1: Ball
2-1: Ground out 5-3 (Groundball, 5, EV 105.6 MPH)
Top of the 4th over - 0 runs, 0 hits, 0 errors, 0 left on base; Tulsa 3 - Wichita 0
BOTTOM OF THE 4TH
Wichita Aeros batting - Pitching for Tulsa Drillers : RHP Luis Garcia
Batting: LHB Jesus Ramos 0-0: Ball
1-0: Ball
2-0: Ball
3-0: Called Strike
3-1: Called Strike
3-2: Ground out 4-3 (Groundball, 4, EV 83.8 MPH)
Batting: RHB Gary House 0-0: Foul Ball, location: 2F
0-1: Ball
1-1: Ball
2-1: Fly out, F6 (Flyball, 6D, EV 82.5 MPH)
Batting: LHB Omar Guerrero 0-0: Ground out 5-3 (Groundball, 56, EV 102.5 MPH)
Bottom of the 4th over - 0 runs, 0 hits, 0 errors, 0 left on base; Tulsa 3 - Wichita 0
TOP OF THE 5TH
Tulsa Drillers batting - Pitching for Wichita Aeros : RHP Jeff Heathcock
Batting: RHB Kevin Coon 0-0: Swinging Strike
0-1: SINGLE (Groundball, 56D, EV 109.4 MPH)
Batting: SHB Paul Householder 0-0: Ball
1-0: Called Strike
1-1: Ball
2-1: Fielders Choice at 2nd, 3-6 (Groundball, 3S, EV 83.1 MPH)
Batting: RHB Victor Rios 0-0: Foul Ball, location: 2F
0-1: Ball
1-1: Ball
2-1: Fly out, F8 (Flyball, 78XD, EV 98.1 MPH)
Batting: LHB Mike Pagliarulo 0-0: Ball
1-0: Ball
2-0: Ball
3-0: Called Strike
3-1: Fly out, F7 (Flyball, 7S, EV 86.3 MPH)
Top of the 5th over - 0 runs, 1 hit, 0 errors, 1 left on base; Tulsa 3 - Wichita 0
BOTTOM OF THE 5TH
Wichita Aeros batting - Pitching for Tulsa Drillers : RHP Luis Garcia
Batting: RHB Dave Hoenstine 0-0: TRIPLE (Flyball, 9LD, EV 91.3 MPH)
Batting: LHB Michael Barnes 0-0: Ball
1-0: Swinging Strike
1-1: Swinging Strike
1-2: Strikes out swinging
Batting: RHB Bill Schroeder 0-0: Ball
1-0: Swinging Strike
1-1: Called Strike
1-2: Strikes out swinging
Batting: RHB Jesse Barfield 0-0: Ball
1-0: Foul Ball, location: 2F
1-1: Fly out, F9 (Flyball, 89S, EV 87.5 MPH)
Bottom of the 5th over - 0 runs, 1 hit, 0 errors, 1 left on base; Tulsa 3 - Wichita 0
TOP OF THE 6TH
Tulsa Drillers batting - Pitching for Wichita Aeros : RHP Jeff Heathcock
Batting: LHB Randy Braun 0-0: Ball
1-0: SINGLE (Groundball, 34D, EV 97.5 MPH)
Batting: SHB Luis Quinones 0-0: Ball
1-0: Ball
2-0: Called Strike
2-1: Fly out, F7 (Flyball, 7LD, EV 103.1 MPH)
Batting: RHB Bob Grandas 0-0: SINGLE (Flyball, 56D, EV 91.3 MPH)
Randy Braun to second
Batting: RHB Bob E Johnson 0-0: Ball
1-0: Swinging Strike
1-1: Ball
Wild Pitch!
Randy Braun to third
Bob Grandas to second
2-1: Intentional Walk
Batting: RHB Nick Belmonte 0-0: Called Strike
0-1: Fly out, F8 (Flyball, 8LD, EV 105.0 MPH)
Runner from 3rd tags up, OUT at HOME! 8-2
Top of the 6th over - 0 runs, 2 hits, 0 errors, 2 left on base; Tulsa 3 - Wichita 0
BOTTOM OF THE 6TH
Wichita Aeros batting - Pitching for Tulsa Drillers : RHP Luis Garcia
Batting: LHB Glenn Gulliver 0-0: SINGLE (Line Drive, 9LS, EV 102.5 MPH)
Batting: LHB Angel Matos 0-0: Ball
1-0: Bunted foul
1-1: Bunt missed!
1-2: Ball
2-2: Foul Ball, location: 2F
2-2: Ball
3-2: Grounds into double play, 1-6-3 (Groundball, 13S, EV 64.4 MPH)
Batting: LHB Jesus Ramos 0-0: Ball
1-0: Ground out 6-3 (Groundball, 6, EV 106.9 MPH)
Bottom of the 6th over - 0 runs, 1 hit, 0 errors, 0 left on base; Tulsa 3 - Wichita 0
TOP OF THE 7TH
Tulsa Drillers batting - Pitching for Wichita Aeros : RHP Jeff Heathcock
Batting: RHB Kevin Coon 0-0: SINGLE (Line Drive, 3D, EV 100.0 MPH)
Batting: SHB Paul Householder 0-0: Ball
1-0: Called Strike
1-1: Ball
Wild Pitch!
Kevin Coon to second
2-1: Intentional Walk
Batting: RHB Victor Rios 0-0: Bunted foul
0-1: Bunted foul
0-2: Ball
1-2: Fielders Choice at 2nd, 5-4 (Groundball, 56, EV 91.3 MPH)
Kevin Coon to third
Batting: LHB Mike Pagliarulo 0-0: Called Strike
0-1: Ball
1-1: Foul Ball, location: 2F
1-2: Fly out, F8 (Flyball, 8LS, EV 84.4 MPH)
Batting: LHB Randy Braun 0-0: Called Strike
0-1: Ball
1-1: Foul Ball, location: 2F
1-2: Fly out, F9 (Flyball, 9, EV 86.9 MPH)
Top of the 7th over - 0 runs, 1 hit, 0 errors, 2 left on base; Tulsa 3 - Wichita 0
BOTTOM OF THE 7TH
Wichita Aeros batting - Pitching for Tulsa Drillers : RHP Luis Garcia
Batting: RHB Gary House 0-0: Ground out 4-3 (Groundball, 4, EV 105.6 MPH)
Batting: LHB Omar Guerrero 0-0: Ball
1-0: Ground out 2-3 (Groundball, 13S, EV 60.6 MPH)
Batting: RHB Dave Hoenstine 0-0: Ball
1-0: Foul Ball, location: 2F
1-1: Swinging Strike
1-2: Ball
2-2: Foul Ball, location: 2F
2-2: TRIPLE (Line Drive, 89XD, EV 103.8 MPH)
Batting: LHB Michael Barnes 0-0: Ball
1-0: Ball
2-0: Swinging Strike
2-1: Ball
3-1: Ground out 6-3 (Groundball, 6, EV 80.6 MPH)
Bottom of the 7th over - 0 runs, 1 hit, 0 errors, 1 left on base; Tulsa 3 - Wichita 0
TOP OF THE 8TH
Tulsa Drillers batting - Pitching for Wichita Aeros : RHP Jeff Heathcock
Batting: SHB Luis Quinones 0-0: Ball
1-0: Ball
2-0: Foul Ball, location: 2F
2-1: Foul Ball, location: 2F
2-2: Reached on error, E7 (Line Drive, 7, EV 89.4 MPH)
Batting: RHB Bob Grandas 0-0: Bunt missed!
0-1: Bunted foul
0-2: Fly out, F3 (Flyball, 3D, EV 91.9 MPH)
Batting: RHB Bob E Johnson 0-0: Called Strike
0-1: Fly out, F8 (Flyball, 78M, EV 90.0 MPH)
Batting: RHB Nick Belmonte 0-0: Ball
1-0: Fly out, F6 (Popup, 4MD, EV 59.4 MPH)
Top of the 8th over - 0 runs, 0 hits, 1 error, 1 left on base; Tulsa 3 - Wichita 0
BOTTOM OF THE 8TH
Wichita Aeros batting - Pitching for Tulsa Drillers : RHP Luis Garcia
Batting: RHB Bill Schroeder 0-0: Foul Ball, location: 2F
0-1: Fly out, F7 (Flyball, 78S, EV 89.4 MPH)
Batting: RHB Jesse Barfield 0-0: Ball
1-0: Fly out, F4 (Line Drive, 4, EV 66.3 MPH)
Batting: LHB Glenn Gulliver 0-0: Called Strike
0-1: Foul Ball, location: 2F
0-2: Ball
1-2: Strikes out looking
Bottom of the 8th over - 0 runs, 0 hits, 0 errors, 0 left on base; Tulsa 3 - Wichita 0
TOP OF THE 9TH
Tulsa Drillers batting - Pitching for Wichita Aeros : RHP Jeff Heathcock
Batting: RHB Kevin Coon 0-0: Ball
1-0: Called Strike
1-1: Foul Ball, location: 2F
1-2: Foul Ball, location: 2F
1-2: Ball
2-2: Fly out, F8 (Flyball, 8LD, EV 90.6 MPH)
Batting: SHB Paul Householder 0-0: Ball
1-0: Ball
2-0: Foul Ball, location: 2F
2-1: Fly out, F7 (Line Drive, 7, EV 94.4 MPH)
Batting: RHB Victor Rios 0-0: Ball
1-0: Foul Ball, location: 2F
1-1: SINGLE (Groundball, 6MD, EV 110.0 MPH)
Batting: LHB Mike Pagliarulo 0-0: Called Strike
0-1: Ball
1-1: Ball
2-1: Fly out, F9 (Flyball, 9, EV 82.5 MPH)
Top of the 9th over - 0 runs, 1 hit, 0 errors, 1 left on base; Tulsa 3 - Wichita 0
BOTTOM OF THE 9TH
Wichita Aeros batting - Pitching for Tulsa Drillers : RHP Luis Garcia
Batting: LHB Angel Matos 0-0: Reached on error, E8 (Flyball, 78S, EV 86.9 MPH)
Batting: LHB Jesus Ramos 0-0: Foul Ball, location: 2F
0-1: Ball
1-1: Ball
2-1: Foul Ball, location: 2F
2-2: SINGLE (Line Drive, 8RS, EV 106.3 MPH)
Angel Matos to second
Pinch Hitting: SHB Gary Pettis 0-0: Ball
1-0: Fly out, F9 (Flyball, 9LM, EV 96.9 MPH)
Batting: LHB Omar Guerrero 0-0: Fielders Choice at 2nd, 6-4 (Groundball, 6, EV 82.5 MPH)
Angel Matos to third
Batting: RHB Dave Hoenstine 0-0: Ball
1-0: Ball
2-0: Ground out 1-3 (Groundball, 15S, EV 72.5 MPH)
Bottom of the 9th over - 0 runs, 1 hit, 1 error, 2 left on base; Tulsa 3 - Wichita 0
Friday, August 21st, 2020 - OOTP Baseball 21.5 Build 76